 Dungeon Crawl Stone Soup version 0.30-a0-782-ge64f9170bb (webtiles) character file.

Game seed: 7804200895334041315

163810 tilp the Fencer (level 19, -7/168 (170) HPs)
             Began as a Meteoran Fighter on Mar 2, 2023.
             Was an Elder of Okawaru.
             Killed from afar by a will-o-the-wisp (23 damage)
             ... with a foxfire
             ... on level 4 of the Swamp on Mar 3, 2023.
             The game lasted 01:29:09 (12667 turns).

tilp the Fencer (Meteoran Fighter)                 Turns: 12667, Time: 01:29:10

HP:   -7/168 (170)  AC: 20    Str: 21    XL:     19   Next: 17%
MP:   33/33         EV: 25    Int: 13    God:    Okawaru [****..]
Gold: 970           SH: 12    Dex: 20    Spells: 18/18 levels left

rFire   . . .      SeeInvis .    a - +2 demon blade (elec)
rCold   + . .      Faith    +    M - +0 kite shield
rNeg    . . .      Spirit   .    Y - +0 swamp dragon scales
rPois   +          Reflect  .    (no helmet)
rElec   .          Harm     .    G - +2 cloak
rCorr   .          Rampage  .    c - +2 pair of gloves of Feuprul {Int+3}
Will    ++...      Clarity  +    P - +2 pair of boots {Fly}
Stlth   +                        o - amulet of faith
HPRegen 0.48/turn                U - ring of protection from cold
MPRegen 0.23/turn                N - +5 ring of evasion

@: flying, glowing, studying Fighting, lightly drained
A: sense surroundings 3, otherworldly, glowing, explore regen, clarity, wild
magic 1
a: Renounce Religion, Heroism, Finesse


You were on level 4 of the Swamp.
You worshipped Okawaru.
Okawaru was greatly pleased with you.
You visited 5 branches of the dungeon, and saw 27 of its levels.
You visited the Abyss 1 time.
You also visited: Sewer, Ossuary and Ice Cave.

You collected 1821 gold pieces.
You spent 851 gold pieces at shops.

Inventory:

Hand Weapons
 a - a +2 demon blade of electrocution (weapon)
 b - a +3 scimitar of flaming
 n - the +8 triple sword of Tyunumu {drain, rPois rCorr Str+5 Int-3}
   (Okawaru gifted it to you on level 2 of the Lair of Beasts)

   Str:       It affects your strength (+5).
   Int:       It affects your intelligence (-3).
   rPois:     It protects you from poison.
   rCorr:     It protects you from acid and corrosion.
 X - the +11 plutonium sword {Contam Stlth-}
   (Okawaru gifted it to you on level 5 of the Lair of Beasts)

   Contam:    It causes magical contamination when unequipped.
   Stlth:     It makes you less stealthy.
Missiles
 q - 10 poisoned darts
 w - 12 javelins
 y - 23 boomerangs (quivered)
 C - 8 curare-tipped darts
 J - 10 atropa-tipped darts
 L - a throwing net {!f}
 S - 5 datura-tipped darts
 Z - 4 silver javelins
Armour
 c - the +2 pair of gloves of Feuprul (worn) {Int+3}
   (Okawaru gifted it to you on level 10 of the Dungeon)

   Int:       It affects your intelligence (+3).
 m - +0 ice dragon scales
 t - a +0 plate armour
 G - a +2 cloak (worn)
 M - a +0 kite shield (worn)
 P - a +2 pair of boots of flying (worn)
 Q - the +0 pair of gloves of the Tarantula {rF+ Str+3}
   (You bought it in a shop on level 2 of the Orcish Mines)

   Str:       It affects your strength (+3).
   rF:        It protects you from fire.
 Y - +0 swamp dragon scales (worn)
Jewellery
 o - an amulet of faith (around neck)
 r - a ring of see invisible
 N - a +5 ring of evasion (right hand)
 U - a ring of protection from cold (left hand)
Wands
 z - a wand of mindburst (34)
 F - a wand of polymorph (10)
 H - a wand of iceblast (8)
 W - a wand of digging (16)
Scrolls
 d - 3 scrolls of magic mapping
 e - 5 scrolls of teleportation
 i - 2 scrolls of silence
 j - 5 scrolls of brand weapon
 k - 5 scrolls of vulnerability
 p - 5 scrolls of enchant armour
 u - 7 scrolls of fear
 I - 5 scrolls of identify
 K - 2 scrolls of poison
 O - 2 scrolls of torment
 T - 3 scrolls of blinking
Potions
 f - 3 potions of cancellation
 g - 4 potions of curing
 l - 3 potions of resistance
 s - 5 potions of flight
 v - 7 potions of might
 x - 6 potions of lignification
 A - 2 potions of mutation
 B - 2 potions of heal wounds
 D - a potion of haste
 E - 2 potions of attraction
 R - 2 potions of berserk rage
 V - 3 potions of ambrosia


   Skills:
 + Level 15.1 Fighting
 + Level 18.0 Long Blades
 + Level 8.1 Throwing
 + Level 10.1 Armour
 * Level 15.1 Dodging
 - Level 4.0 Stealth
 - Level 10.0 Shields
 + Level 18.0 Invocations
 + Level 8.1 Evocations


You had 18 spell levels left.
You didn't know any spells.
Your spell library was empty.

Dungeon Overview and Level Annotations

Branches:
Dungeon (15/15) Zot: 2946  Temple (1/1) D:4 Zot: 518    Lair (5/5) D:9 Zot: 824
  Swamp (4/4) Lair:2 Zot: 1234  Spider (0/4) Lair:3          Orc (2/2) D:9 Zot: 309
    Elf (0/3) Orc:2        Depths (0/4) D:15          Sewer (visited)
Ossuary (visited)           IceCv (visited)
  Slime: Lair:4-5    Vaults: D:13-14

Altars:
Ashenzari
Cheibriados
Fedhas
Gozag
Hepliaklqana
Kikubaaqudgha
Makhleb
Nemelex Xobeh
Okawaru
Qazlal
Ru
Sif Muna
Trog
Uskayaw
Vehumet
Wu Jian
Xom
The Shining One
Lugonu

Shops:
D:8 !   Orc:1 !   Orc:2 :[![

Portals:
Abyss: Lair:5

Annotations:
D:5 Eustachio
D:6 Menkaure
Swamp:4 Mara


Innate Abilities, Weirdness & Mutations

You passively map a large area around you.
You are easily found by Zot.
You glow in the dark.
You regain HP and MP as you explore.
You possess an exceptional clarity of mind.
Your spells are a little harder to cast, but a little more powerful.


Message History

* * * LOW HITPOINT WARNING * * *
The will-o-the-wisp gestures.
The will-o-the-wisp conjures some foxfire!
The eleionoma splashes around in the water. 2 foxfires come into view.
You hit the eleionoma.
The eleionoma is heavily wounded.
The will-o-the-wisp gestures.
The will-o-the-wisp conjures some foxfire!
The eleionoma hurls a spray of splinters at you.
The spray of wooden splinters hits you but does no damage.
The foxfire hits you!
* * * LOW HITPOINT WARNING * * *
2 foxfires come into view.
You slash the eleionoma!
The eleionoma is severely wounded.
The foxfire hits you!
* * * LOW HITPOINT WARNING * * *
The will-o-the-wisp blinks!
You completely miss the eleionoma.
The eleionoma is severely wounded.
The foxfire hits you!!
* * * LOW HITPOINT WARNING * * *
The foxfire hits you!
* * * LOW HITPOINT WARNING * * *
The eleionoma hurls a spray of splinters at you.
The spray of wooden splinters misses you.
Unknown command.
You feel much better.
The will-o-the-wisp gestures.
The will-o-the-wisp conjures some foxfire!
The eleionoma splashes around in the water. 2 foxfires come into view.
Unknown command.
You closely miss the eleionoma.
The eleionoma is severely wounded.
The foxfire hits you!
* * * LOW HITPOINT WARNING * * *
The foxfire hits you!!
You die...

* , ~,, * ~ ~~ *
, * ~ ♣♣♣ ** ~ .
~~ ~ ~ ~.♣ *~~.
♣ . ♣..♣♣♣♣♣♣.§~
♣~. ,
~~.♣♣.~.§.......
.~~ ,
~~..~~~§§~~~~~§
.~ ,
~~~<~~~vv~~~~§§
♣ * *
§~.....@~~~~~~~
* ♣*♣
~§~~~.~~~R.~~.~~
♣.. **
~..♣♣~~~~§~~~~~.
* .§~ *
..~~~~~~~~~~.
§~§~
~~~~~~~~~~~~~~.
.~~
~~~.~~~~.♣♣~.~♣
... ....~~~♣♣♣
...♣* .♣♣
*.~~.~~~* *
~§§.* .♣ ** ~ **
*


You could see an eleionoma and a will-o-the-wisp.

Vanquished Creatures
  A bone dragon (Arena)
  Rupert (Arena)
  Mlioglotl (Swamp:1)
  Frances (Swamp:1)
  Kirke (D:14)
  Donald (Arena)
  A fenstrider witch (Swamp:3)
  A reaper (IceCv)
  3 eleionomae
  A green draconian (Abyss:2)
  7 bunyips
  2 ettins
  A green death (Abyss:2)
  2 catoblepae
  A spriggan air mage (Swamp:4)
  A caustic shrike simulacrum (Abyss:2)
  10 hydras
  A centaur warrior (D:11)
  A ghost crab (Arena)
  5 boulder beetles
  A two-headed ogre (D:12)
  5 death yaks (Lair:5)
  5 tengu warriors
  4 alligators
  2 thrashing horrors (Lair:5)
  A soul eater (Abyss:2)
  A hell knight (D:15)
  A wretched star (Abyss:2)
  A sixfirhy (Abyss:2)
  2 goliath frogs
  5 skeletal warriors (D:15)
  A death drake (Swamp:1)
  4 spriggan druids
  10 swamp dragons
  A glowing orange brain (Abyss:2)
  Pikel (D:7)
  6 bog bodies
  2 wizards
  A phantasmal warrior (Abyss:2)
  7 orc knights
  A harpy (D:13)
  A deep elf pyromancer (D:15)
  3 manticores
  A will-o-the-wisp (Swamp:3)
  16 ugly things
  4 cyclopes
  An orc sorcerer (Orc:1)
  2 ice statues (IceCv)
  15 elephants
  3 smoke demons
  2 black mambas
  A demonic crawler (Abyss:2)
  4 cane toads
  2 gargoyles
  2 unseen horrors
  2 kobold demonologists
  3 rime drakes
  An efreet (Abyss:2)
  3 freezing wraiths
  An anaconda simulacrum (IceCv)
  5 ice devils (IceCv)
  6 ancient zymes
  7 komodo dragons
  A meliai (D:15)
  10 tyrant leeches
  5 trolls
  4 polar bears
  13 hornets
  28 blink frogs
  A tarantella (shapeshifter) (D:15)
  A raiju (Abyss:2)
  A jumping spider (shapeshifter) (Lair:5)
  A jumping spider (Lair:3)
  3 centaur simulacra
  19 spriggans
  2 culicivoras (Lair:3)
  A spriggan (shapeshifter) (Lair:5)
  9 slime creatures
  5 wyverns
  A vampire (Abyss:2)
  A wraith (D:14)
  6 ynoxinuls
  3 dire elephant simulacra (IceCv)
  42 yaks
  3 hogs (D:14)
  A water elemental (D:14)
  A human (D:14)
  7 basilisks
  A redback (Lair:3)
  2 chaos spawn (Abyss:2)
  4 harpy simulacra (IceCv)
  3 vampire mosquitoes
  2 steam dragons
  13 swamp worms
  7 wargs (Orc:2)
  2 acid dragons
  2 hydra simulacra (IceCv)
  8 large abominations
  12 water moccasins
  15 small abominations
  4 swamp drakes
  33 orc warriors
  A black bear (Lair:2)
  2 centaurs
  8 ogres
  A wolf (D:11)
  A phantom (D:4)
  Blork the orc (D:6)
  8 bullfrogs
  A gnoll sergeant (D:8)
  A necrophage (D:5)
  A scorpion (D:6)
  16 wights
  An elephant simulacrum (IceCv)
  8 howler monkeys
  A crimson imp (D:9)
  A centaur zombie (Ossuary)
  A quasit (Abyss:2)
  12 orc priests
  A human zombie (Ossuary)
  3 hounds
  An iron imp (Abyss:2)
  3 iguanas
  19 orc wizards
  A wolf simulacrum (IceCv)
  A boggart simulacrum (D:11)
  6 mummies (Ossuary)
  4 gnolls (D:8)
  A river rat (D:6)
  4 adders
  A shadow imp (D:4)
  5 white imps
  3 ufetubi
  A worm (D:2)
  73 orcs
  2 bats
  2 endoplasms (D:2)
  A giant cockroach (D:4)
  2 hobgoblins
  7 jackals
  5 ball pythons
  2 gnoll zombies (Ossuary)
  3 goblins
  2 hobgoblin zombies (Ossuary)
  A kobold zombie (Ossuary)
  An orc zombie (Ossuary)
  3 rats
690 creatures vanquished.

Vanquished Creatures (others)
  A hydra (Swamp:4)
  A swamp dragon (Swamp:4)
  A tengu conjurer (D:14)
  A bloated husk (Swamp:2)
  A blink frog (Lair:5)
  A water elemental (D:15)
  A swamp drake (Swamp:4)
  2 orc wizards
  A butterfly (Swamp:4)
  9 foxfires (Swamp:4)
  16 fungi
  A lurking horror (Abyss:2)
  36 plants
72 creatures vanquished.

Grand Total: 762 creatures vanquished

Notes
Turn   | Place    | Note
-------+----------+-------------------------------------------
     0 | D:1      | tilp the Meteoran Fighter began the quest for the Orb.
     0 | D:1      | Reached XP level 1. HP: 19/19 MP: 2/2
   120 | D:2      | Reached XP level 2. HP: 26/26 MP: 3/3
   255 | D:2      | Reached skill level 1 in Dodging
   427 | D:3      | Reached XP level 3. HP: 15/31 MP: 4/4
   490 | D:3      | Reached XP level 4. HP: 40/40 MP: 5/5
   864 | D:3      | Reached XP level 5. HP: 43/46 MP: 6/6
   929 | D:3      | You are sucked into a shaft and drop 2 floors!
   929 | D:5      | Entered Level 5 of the Dungeon
  1257 | D:4      | Reached skill level 5 in Long Blades
  1293 | D:4      | Found a staircase to the Ecumenical Temple.
  1310 | Temple   | Entered the Ecumenical Temple
  1375 | Temple   | Became a worshipper of Warmaster Okawaru
  1415 | D:5      | Reached XP level 6. HP: 40/52 MP: 7/7
  1443 | D:5      | Reached * piety under Okawaru
  1444 | D:5      | Reached skill level 1 in Invocations
  1480 | D:5      | Noticed Eustachio
  1493 | D:4      | Reached XP level 7. HP: 25/59 MP: 7/9
  1566 | D:6      | Found a sand-covered staircase.
  1581 | D:6      | Reached skill level 1 in Stealth
  1585 | D:6      | Reached ** piety under Okawaru
  1602 | D:6      | Reached XP level 8. HP: 40/65 MP: 11/11
  1607 | D:6      | Reached skill level 5 in Fighting
  1619 | D:6      | Noticed a two-headed ogre
  1625 | Ossuary  | Entered an ossuary
  1841 | D:6      | Noticed a yak
  1858 | D:6      | Reached *** piety under Okawaru
  1862 | D:6      | Noticed Blork the orc
  1864 | D:6      | Noticed Menkaure
  1875 | D:6      | Killed Blork the orc
  1889 | D:6      | Found a glowing drain.
  1899 | Sewer    | Entered a sewer
  2034 | D:5      | Gained mutation: You passively map the area around you.
                  | [Meteoran growth]
  2034 | D:5      | Reached XP level 9. HP: 74/75 MP: 13/13
  2050 | D:5      | Reached skill level 5 in Invocations
  2272 | D:7      | Noticed Pikel
  2285 | D:7      | Killed Pikel
  2285 | D:7      | Reached **** piety under Okawaru
  2328 | D:8      | Found Huromur's Distillery.
  2334 | D:8      | Bought a potion of lignification for 42 gold pieces
  2334 | D:8      | Bought a potion of haste for 140 gold pieces
  2334 | D:8      | Bought a potion of attraction for 42 gold pieces
  2359 | D:7      | Reached skill level 5 in Dodging
  2661 | D:8      | Reached XP level 10. HP: 85/86 MP: 16/16
  2686 | D:8      | Reached skill level 1 in Throwing
  2687 | D:8      | Reached skill level 1 in Evocations
  2743 | D:8      | Received a gift from Okawaru
  2975 | D:9      | Reached ***** piety under Okawaru
  3333 | D:9      | Reached skill level 10 in Long Blades
  3394 | D:9      | Found a staircase to the Lair.
  3427 | D:10     | Entered Level 10 of the Dungeon
  3427 | D:10     | Noticed a tengu warrior
  3440 | D:9      | Reached skill level 5 in Shields
  3457 | D:10     | Killed a tengu warrior
  3458 | D:10     | Reached skill level 5 in Armour
  3458 | D:10     | Reached XP level 11. HP: 45/94 MP: 18/18
  3458 | D:10     | Identified the +2 pair of gloves of Feuprul {Int+3}
                  | (Okawaru gifted it to you on level 10 of the Dungeon)
  3458 | D:10     | Received a gift from Okawaru
  3459 | D:10     | Noticed a catoblepas
  3569 | D:9      | Found a hide-covered altar of Uskayaw.
  3644 | D:9      | Found a burning altar of Makhleb.
  3645 | D:9      | Found a shimmering altar of Xom.
  3811 | D:9      | Found a staircase to the Orcish Mines.
  3824 | Orc:1    | Entered Level 1 of the Orcish Mines
  3891 | Orc:1    | You fall into a shaft and drop 1 floor!
  3891 | Orc:2    | Entered Level 2 of the Orcish Mines
  3997 | Orc:1    | Noticed an orc sorcerer
  4001 | Orc:1    | Noticed a rust devil
  4004 | Orc:1    | Gained mutation: Your spells are a little easier to cast,
                  | but a little less powerful. [a neqoxec]
  4006 | Orc:1    | Killed an orc sorcerer
  4034 | Orc:1    | Found Vucs's Distillery.
  4161 | Orc:2    | Noticed an ettin
  4173 | Orc:2    | Killed an ettin
  4224 | Orc:2    | Noticed an orc knight
  4234 | Orc:2    | Killed an orc knight
  4237 | Orc:2    | Reached ****** piety under Okawaru
  4237 | Orc:2    | Received a gift from Okawaru
  4238 | Orc:2    | Reached XP level 12. HP: 87/104 MP: 17/20
  4248 | Orc:2    | Noticed an orc knight
  4266 | Orc:2    | Noticed an orc knight
  4270 | Arena    | Entered the Arena
  4274 | Arena    | Killed an orc knight
  4313 | Orc:2    | Killed an orc knight
  4321 | Arena    | Entered the Arena
  4365 | Orc:2    | Noticed an orc knight
  4389 | Orc:2    | Received a gift from Okawaru
  4397 | Arena    | Entered the Arena
  4465 | Orc:2    | Noticed an orc knight
  4474 | Orc:2    | Killed an orc knight
  4485 | Orc:2    | Killed an orc knight
  4486 | Orc:2    | Reached skill level 10 in Invocations
  4486 | Orc:2    | Reached skill level 5 in Evocations
  4517 | Orc:2    | Found Ogotruf's Antique Armour Boutique.
  4517 | Orc:2    | Found Hiffaz's Distillery.
  4561 | Orc:2    | Noticed an orc knight
  4573 | Orc:2    | Noticed an orc knight
  4574 | Orc:2    | Killed an orc knight
  4574 | Orc:2    | Received a gift from Okawaru
  4575 | Orc:2    | Reached skill level 5 in Throwing
  4589 | Arena    | Entered the Arena
  4621 | Arena    | Entered the Arena
  4625 | Arena    | Killed an orc knight
  4730 | Orc:2    | Found Paku's Book Shoppe.
  4730 | Orc:2    | Found Limnaatt's Antique Armour Boutique.
  4743 | Orc:2    | Bought a pair of glowing boots for 217 gold pieces
  4743 | Orc:2    | Bought a pair of dazzling gloves for 275 gold pieces
  4743 | Orc:2    | Identified the +0 pair of gloves of the Tarantula {rF+
                  | Str+3} (You bought it in a shop on level 2 of the Orcish
                  | Mines)
  4782 | Orc:2    | Bought a potion of berserk rage for 75 gold pieces
  4782 | Orc:2    | Bought a potion of might for 60 gold pieces
  4934 | D:10     | Found a sparkling altar of Nemelex Xobeh.
  4975 | D:10     | Received a gift from Okawaru
  5021 | D:11     | Reached XP level 13. HP: 112/113 MP: 21/21
  5051 | D:11     | Noticed a boulder beetle
  5084 | D:11     | Reached skill level 10 in Fighting
  5088 | D:11     | Killed a boulder beetle
  5195 | D:11     | Found a frozen archway.
  5218 | IceCv    | Entered an ice cave
  5406 | IceCv    | Received a gift from Okawaru
  5497 | IceCv    | Noticed a reaper
  5507 | IceCv    | Killed a reaper
  5765 | D:11     | Noticed a boulder beetle
  5766 | D:11     | Noticed a centaur warrior
  5785 | D:11     | Killed a centaur warrior
  5785 | D:11     | Received a gift from Okawaru
  5817 | Arena    | Entered the Arena
  5885 | D:11     | Killed a boulder beetle
  6224 | Abyss:2  | Cast into level 2 of the Abyss (a wizard)
  6248 | Abyss:2  | Found a corrupted altar of Lugonu.
  6248 | Abyss:2  | Found a corrupted altar of Lugonu.
  6248 | Abyss:2  | Found a corrupted altar of Lugonu.
  6303 | Abyss:2  | Found a corrupted altar of Lugonu.
  6350 | Abyss:2  | Noticed a starcursed mass
  6359 | Abyss:2  | Noticed a bone dragon
  6364 | Abyss:2  | Found a corrupted altar of Lugonu.
  6366 | Abyss:2  | Gained mutation: You occasionally lose the ability to drink
                  | potions when taking damage. [a neqoxec]
  6391 | Arena    | Entered the Arena
  6417 | Arena    | Killed a bone dragon
  6418 | Arena    | Reached skill level 10 in Dodging
  6418 | Arena    | Reached XP level 14. HP: 26/108 MP: 14/24
  6439 | Abyss:2  | Found a corrupted altar of Lugonu.
  6604 | Abyss:2  | Noticed a green death
  6614 | Abyss:2  | Killed a green death
  6694 | Abyss:2  | Received a gift from Okawaru
  6731 | Abyss:2  | Noticed a green draconian
  6749 | Abyss:2  | Killed a green draconian
  6805 | Abyss:2  | Lost mutation: You occasionally lose the ability to drink
                  | potions when taking damage. [potion of mutation]
  6805 | Abyss:2  | Lost mutation: Your spells are a little easier to cast, but
                  | a little less powerful. [potion of mutation]
  6805 | Abyss:2  | Gained mutation: You possess an exceptional clarity of
                  | mind. [potion of mutation]
  6805 | Abyss:2  | Gained mutation: Your spells are a little harder to cast,
                  | but a little more powerful. [potion of mutation]
  6829 | Abyss:2  | Received a gift from Okawaru
  6849 | Abyss:2  | Found a corrupted altar of Lugonu.
  6937 | D:10     | Escaped the Abyss
  6962 | D:10     | Received a gift from Okawaru
  7050 | Lair:1   | Entered Level 1 of the Lair of Beasts
  7316 | Lair:2   | Received a gift from Okawaru
  7407 | Lair:2   | Found a staircase to the Swamp.
  7420 | Lair:2   | Reached XP level 15. HP: 124/132 MP: 26/26
  7435 | Lair:2   | Identified the +8 triple sword of Tyunumu {drain, rPois
                  | rCorr Str+5 Int-3} (Okawaru gifted it to you on level 2 of
                  | the Lair of Beasts)
  7435 | Lair:2   | Received a gift from Okawaru
  7817 | Lair:3   | Found a hole to the Spider Nest.
  7998 | Lair:3   | Reached skill level 15 in Invocations
  8178 | Lair:5   | Entered Level 5 of the Lair of Beasts
  8236 | Lair:5   | Received a gift from Okawaru
  8367 | Lair:5   | Found an ornate altar of the Wu Jian Council.
  8531 | Arena    | Entered the Arena
  8605 | Arena    | Entered the Arena
  8647 | Lair:5   | Received a gift from Okawaru
  8810 | Lair:5   | Received a gift from Okawaru
  8810 | Lair:5   | Found the +11 plutonium sword {Contam Stlth-}
  8811 | Lair:5   | Reached XP level 16. HP: 94/141 MP: 28/28
  9115 | Lair:5   | Reached skill level 15 in Long Blades
  9129 | Lair:5   | Found a corrupted altar of Lugonu.
  9129 | Lair:5   | Found a one-way gate to the infinite horrors of the Abyss.
  9404 | D:13     | Noticed Sonja
  9422 | D:13     | Sonja changed into Sonja the harpy
  9422 | D:13     | Noticed Sonja
  9436 | D:13     | Killed Sonja the harpy
  9591 | Arena    | Entered the Arena
  9651 | D:12     | Received a gift from Okawaru
  9667 | D:12     | Noticed Rupert
  9680 | Arena    | Entered the Arena
  9689 | Arena    | Killed Rupert
  9837 | D:13     | Identified a scroll of acquirement
  9838 | D:13     | Acquired a manual of Fighting
 10009 | D:15     | Entered Level 15 of the Dungeon
 10039 | Arena    | Entered the Arena
 10044 | Arena    | Reached XP level 17. HP: 60/152 MP: 21/29
 10237 | D:14     | Noticed Kirke
 10249 | D:14     | Killed Kirke
 10283 | D:14     | Received a gift from Okawaru
 10335 | D:13     | Noticed Nessos
 10347 | D:13     | Nessos changed into Nessos the polar bear
 10347 | D:13     | Noticed Nessos
 10353 | D:13     | Killed Nessos the polar bear
 10641 | D:15     | Reached skill level 10 in Shields
 10783 | D:15     | Received a gift from Okawaru
 10797 | D:15     | Reached skill level 10 in Armour
 10804 | D:15     | Gained mutation: You passively map a large area around you.
                  | [Meteoran growth]
 10804 | D:15     | Reached XP level 18. HP: 124/161 MP: 31/31
 10890 | D:15     | Received a gift from Okawaru
 10892 | D:15     | Found a staircase to the Depths.
 11110 | Swamp:1  | Entered Level 1 of the Swamp
 11270 | Swamp:1  | Noticed Mlioglotl
 11300 | Swamp:1  | Killed Mlioglotl
 11440 | Arena    | Entered the Arena
 11446 | Arena    | Reached skill level 15 in Fighting
 11460 | Swamp:1  | Noticed Donald
 11477 | Swamp:1  | Noticed Frances
 11482 | Swamp:1  | Received a gift from Okawaru
 11483 | Arena    | Entered the Arena
 11499 | Arena    | Killed Donald
 11530 | Swamp:1  | Killed Frances
 11583 | Swamp:1  | Identified the +4 trident of Obuhy {drain, rCorr MP+9}
 11949 | Swamp:4  | Entered Level 4 of the Swamp
 12223 | Swamp:4  | Noticed Mara
 12248 | Swamp:4  | Noticed tilp's illusion
 12253 | Swamp:4  | Received a gift from Okawaru
 12432 | Swamp:3  | Reached XP level 19. HP: 81/170 MP: 30/32
 12536 | Swamp:4  | Reached skill level 15 in Dodging
 12609 | Arena    | Entered the Arena
 12615 | Arena    | Received a gift from Okawaru
 12667 | Swamp:4  | Killed from afar by a will-o-the-wisp

Illustrated notes

Levels and vault maps discovered:
D:1:      lightli_arrival_boilingwater, layout_loops_ring
D:2:      layout_rooms, uniq_jessica
D:3:      layout_rooms
D:4:      layout_loops_cross, temple_statues
D:5:      layout_cave_pods, nicolae_concentric_dashed_squares_mild,
          nicolae_kite_square_tiling_tiny, eino_small_chamber_without_monster,
          skrybe_limestone_x, hellmonk_bongcloud_opening,
          mrwooster_statue_mirror, abandoned_shop, uniq_eustachio
D:6:      minmay_recursive_quarters, layout_basic, nicolae_ossuary_entry_ruins,
          cheibrodos_sewer_entry_sluice, chequers_serial_rivers_small_3,
          hangedman_minor_gate_pass, uniq_blork_the_orc, uniq_menkaure
D:7:      layout_basic, zin_scriptorium, nicolae_dithmenos_the_darkroom,
          minmay_misc_feat_hallway, grunt_decor_junction,
          chequers_serial_rivers_large_b, uniq_pikel
D:8:      layout_basic, serial_curves, eino_curves_01, eino_curves_01,
          serial_shops, nicolae_shop_advertising_works
          [nicolae_subvault_shop_adworks]
D:9:      layout_cave_pools, grunt_temple_overflow_champion_of_chaos,
          lemuel_tele_altar, david_orc_4
D:10:     layout_basic, mainiacjoe_overflow_24_doors, kb_rosetta
D:11:     kennysheep_ambush_hall, layout_basic, serial_ice, serial_ice_g,
          serial_ice_h, serial_ice_e, serial_ice_n,
          portal_ice_cave_entry_pillars_1, dreamdust_princess_bridge
D:12:     layout_roguey, uniq_rupert, uniq_lodul
D:13:     layout_long_grid, grunt_vaults_entry_fortified, uniq_nessos,
          uniq_sonja
D:14:     layout_loops_cross, nicolae_cairo_tiling_large, uniq_kirke
D:15:     hangedman_depths_entry_civil_slaughter, layout_basic,
          water_maze_lemuel
Temple:   eino_temple_rhombus
Lair:1:   layout_roguey, serial_bayou_shore_b, grunt_megastairs_5
Lair:2:   layout_cellular_growth, minmay_swamp_entry_reptiles
Lair:3:   layout_big_grid, spider_nest_entry_funnel_web,
          minmay_lair_oklob_bushes
Lair:4:   layout_loops_ring
Lair:5:   hellmonk_lair_end_abyssal_woods, layout_misc_corridors, slime_entry_1,
          basic_altar
Swamp:1:  nicolae_swamp_secret_spriggan_hideout, layout_falls_marsh,
          nicolae_swamp_well_well_well, swamp_pool5, nicolae_swamp_small_spring,
          infiniplex_staircase_pool, uniq_donald, uniq_frances, uniq_mlioglotl
Swamp:2:  nicolae_swamp_tree_isthmus, layout_basic_swamp,
          evilmike_swamp_ruin_house_3, worms_lemuel, uniq_roxanne
Swamp:3:  layout_falls_marsh, evilmike_swamp_ruin_house_4, swamp_pool1
Swamp:4:  swamp, layout_basic_swamp, swamp_pool1,
          nicolae_swamp_frolicking_bunyips, uniq_mara
Orc:1:    layout_diamond_mine, serial_shops, nicolae_diamond_shop, basic_altar
Orc:2:    st_orc_town, layout_diamond_mine, basic_altar,
          nicolae_orc_crystal_geode

Skill      XL: |  1  2  3  4  5  6  7  8  9 10 11 12 13 14 15 16 17 18 19 |
---------------+----------------------------------------------------------+-----
Long Blades    | 3 4 5 6 7 9 10 11 14 15 16 18 | 18.0
Dodging        | 1 2 3 5 6 7 10 11 12 13 14 15 | 15.1
Fighting       | 4 5 7 8 9 10 12 14 15 | 15.1
Invocations    | 1 3 4 7 8 9 10 12 13 15 16 17 18 | 18.0
Shields        | 4 6 7 8 9 10 | 10.0
Armour         | 4 5 6 7 8 9 10 | 10.1
Stealth        | 1 2 3 4 |  4.0
Throwing       | 3 4 5 6 8 |  8.1
Evocations     | 3 4 5 6 8 |  8.1

Action                     |  1- 3 |  4- 6 |  7- 9 | 10-12 | 13-15 | 16-18 | 19-21 || total
---------------------------+-------+-------+-------+-------+-------+-------+-------++-------
  Melee: Long sword        |    73 |   131 |   199 |   521 |   255 |       |       ||  1179
         Demon blade       |       |       |       |       |   962 |  1045 |    84 ||  2091
         Scimitar          |       |       |       |       |    19 |    32 |     9 ||    60
  Throw: Boomerang         |       |       |       |     4 |     5 |       |     2 ||    11
         Throwing net      |       |       |       |       |       |     1 |       ||     1
 Invoke: Heroism           |       |       |     3 |     8 |    16 |    18 |     1 ||    46
         Duel              |       |       |       |     5 |     4 |     5 |     1 ||    15
         Finesse           |       |       |       |     2 |     2 |     5 |       ||     9
  Evoke: Wand              |       |       |       |     4 |     4 |     3 |       ||    11
    Use: Scroll            |     1 |     6 |     9 |     3 |     6 |     5 |     2 ||    32
         Potion            |     1 |       |     3 |     2 |     4 |     3 |     1 ||    14
   Stab: Distracted        |       |       |       |    10 |     6 |       |       ||    16
 Armour: Scale mail        |    14 |       |       |       |       |       |       ||    14
         Chain mail        |    22 |   124 |    97 |    32 |       |       |       ||   275
         Plate armour      |       |       |       |   174 |   553 |   217 |       ||   944
         Swamp dragon scal |       |       |       |       |       |   112 |    33 ||   145
  Dodge: Dodged            |    24 |    50 |    68 |   178 |   517 |   504 |    87 ||  1428
  Block: Buckler           |    27 |    39 |    51 |    14 |       |       |       ||   131
         Kite shield       |       |       |       |   236 |   683 |   568 |    49 ||  1536

Table legend: (Time is in decaauts)
 A = Elapsed time spent in this place.
 B = Non-inter-level travel time spent in this place.
 C = Inter-level travel time spent in this place.
 D = Time resting spent in this place.
 E = Time spent auto-exploring this place.
 F = Levels seen in this place.
 G = Mean time per level.
                   A        B        C        D        E       F      G
               +--------+--------+--------+--------+--------+-----+--------+
         Total |  11944 |  10418 |   1526 |    373 |      0 |  47 |  254.1 |
       Dungeon |   6052 |   5158 |    894 |    124 |      0 |  15 |  403.5 |
        Temple |     81 |     65 |     16 |      0 |      0 |   1 |   81.0 |
          Lair |   2175 |   1739 |    436 |    101 |      0 |   5 |  435.0 |
         Swamp |   1164 |   1115 |     49 |     17 |      0 |   4 |  291.0 |
  Orcish Mines |    890 |    760 |    130 |      1 |      0 |   2 |  445.0 |
         Abyss |    594 |    594 |      0 |      0 |      0 |   2 |  297.0 |
         Sewer |    111 |    111 |      0 |      0 |      0 |   1 |  111.0 |
       Ossuary |    223 |    223 |      0 |      0 |      0 |   1 |  223.0 |
      Ice Cave |    339 |    339 |      0 |      0 |      0 |   1 |  339.0 |
         Arena |    311 |    311 |      0 |    128 |      0 |  15 |   20.7 |
               +--------+--------+--------+--------+--------+-----+--------+

Top non-repeatable levels by time:
     D:8: 869 daAuts
  Lair:5: 816 daAuts
    D:11: 791 daAuts
  Lair:2: 652 daAuts
   Orc:2: 615 daAuts
 Abyss:2: 594 daAuts
     D:9: 588 daAuts
     D:3: 567 daAuts
    D:14: 481 daAuts
     D:4: 459 daAuts
    D:15: 452 daAuts
 Swamp:3: 409 daAuts
  Lair:3: 382 daAuts
 Swamp:1: 354 daAuts
   IceCv: 339 daAuts
